cohdb
Replays
Latest Replays
All Replays
Popular Replays
Top Player Replays
Match Explorer
How It Works
Community
CoH3 Stats
Reddit
Sign in to upload your games and track your stats! →
Sign in with Steam
Match 43622828
Unlisted
Match 43622828
Overview
Messages
Build Orders
End
Construct Infanterie Kompanie
Kettenkrad Recon Vehicle
GrW 34 Mortar Team
Selects Mechanized Battlegroup
Construct Luftwaffe Kompanie
MG 42 Machine Gun Team
Selects Spotting Scopes
Flak 30 Anti-aircraft Gun Team
Construct Panzer Kompanie
Selects Spotting Scopes
Selects Stoßtruppen Assault Package
Stoßtruppen Squad
Stoßtruppen Squad
Selects Zeroing Artillery Barrage
Medical Station
Panzer Officer Quarters
Selects Raid Package
Panzer IV Medium Tank
Infanterie Officer Quarters
Selects 8 Rad Armored Car
Panzer IV Medium Tank
Panzer IV Medium Tank
Pioneer Squad
Pioneer Squad
Panzer IV Medium Tank
Selects Panther Heavy Tank
Panther Heavy Tank
vindicatus
BigBiznus
Jd577
Ryn61390
S.a.N
RedRum
DanceMonkey
Milford
0
0
Comments
sign in to comment!
No comments posted yet!